 Dungeon Crawl Stone Soup version 0.27.1-33-g824d729ab1 (webtiles) character file.

Game seed: 6698672646502459635

549 halfoni the Chopper (level 7, 0/79 HPs)
             Began as a Human Berserker on Dec 13, 2021.
             Was a Believer of Trog.
             Slain by a gnoll (1 damage)
             ... on level 5 of the Dungeon.
             The game lasted 00:08:13 (5303 turns).

halfoni the Chopper (Human Berserker)               Turns: 5303, Time: 00:08:15

Health: 0/79       AC: 23    Str: 20    XL:     7   Next: 54%
Magic:  7/7        EV:  2    Int:  7    God:    Trog [**....]
Gold:   238        SH:  0    Dex: 12    Spells: 6/6 levels left

rFire    + . .     SeeInvis .   a - +0 hand axe
rCold    . . .     Faith    .   (no shield)
rNeg     + + +     Spirit   .   (armour currently unavailable)
rPois    +         Reflect  .   (helmet currently unavailable)
rElec    .         Harm     .   (cloak currently unavailable)
rCorr    .         Rampage  .   (gloves currently unavailable)
Will     .....     NoTele   +   (boots currently unavailable)
Stlth    ++........             (no amulet)
HPRegen  0.23/turn              e - ring of protection from fire
MPRegen  0.10/turn              (no ring)

@: tree-form, on berserk cooldown, slowed, very slow
A: stationary, stasis, torment immunity, boosted hp
a: Renounce Religion, Berserk, Trog's Hand


You were on level 5 of the Dungeon.
You worshipped Trog.
Trog was pleased with you.
You were a tree.
You visited 1 branch of the dungeon, and saw 5 of its levels.

You collected 238 gold pieces.

Inventory:

Hand Weapons
 a - a +0 hand axe (weapon)
Armour
 i - a +0 ring mail (melded)
 s - a +0 pair of boots (melded)
Magical Staves
 r - a staff of death
Jewellery
 e - a ring of protection from fire (left branch)
Scrolls
 b - a scroll of fog {unknown}
 l - 3 scrolls of teleportation {unknown}
 m - 2 scrolls of summoning {unknown}
 n - 5 scrolls of identify {unknown}
 p - a scroll of enchant weapon {unknown}
 q - 2 scrolls of noise {unknown}
Potions
 d - a potion of flight {unknown}
 f - 7 potions of curing {unknown}
 g - a potion of resistance {unknown}
 h - a potion of invisibility {unknown}
 j - a potion of cancellation {unknown}
 k - a potion of haste {unknown}
 o - a potion of brilliance {unknown}


   Skills:
 + Level 3.8 Fighting
 + Level 5.2 Axes
 * Level 4.7 Armour
 * Level 3.7 Dodging
 - Level 1.1 Stealth


You had 6 spell levels left.
You didn't know any spells.
Your spell library was empty.

Dungeon Overview and Level Annotations

Branches:
Dungeon (5/15)
 Temple: D:4-7

Altars:
Okawaru

Shops:
D:2 [


Message History

The gnoll barely misses you.
You see here the +5 dagger "Riocuc" {vamp, *Noise rN+++ Dex-2 Stlth+}.
You feel a strong urge to attack something.
You are no longer berserk.
You are exhausted.
You feel yourself slow down. The gnoll hits you with a +0 spear.
* * * LOW HITPOINT WARNING * * *
The gnoll misses you.
You hit the gnoll.
The gnoll is moderately wounded.
You hit the gnoll. x2; The gnoll closely misses you.
The gnoll completely misses you.
The gnoll hits you with a +2 spear of freezing.
* * * LOW HITPOINT WARNING * * *
The gnoll freezes you.
* * * LOW HITPOINT WARNING * * *
The gnoll hits you with a +2 vorpal spear.
* * * LOW HITPOINT WARNING * * *
x2 It was a potion of lignification.
You turn into a tree.
Your +0 pair of boots melds into your body.
Your +0 ring mail melds into your body.
Your roots penetrate the ground.
The gnoll hits you but does no damage. x2; The gnoll barely misses you.
The gnoll hits you but does no damage. The gnoll completely misses you.
You cannot move.
You are now empty-handed.
The gnoll hits you but does no damage.
You cannot move.
Unknown command.
a - a +0 hand axe (weapon)
The gnoll hits you but does no damage. x3
You are now empty-handed.
a - a +0 hand axe (weapon)
The gnoll hits you but does no damage. x2; The gnoll completely misses you.
You slash the gnoll!
You kill the gnoll!
Trog accepts your kill.
You barely miss the gnoll. x2; The gnoll hits you but does no damage.
The gnoll hits you with a +2 spear of freezing.
* * * LOW HITPOINT WARNING * * *
The gnoll freezes you.
You die...

..#........###
.#...
##########)..##
#.#...
###..####......
##....#......
#####...........
##..........##
#....####.).###..
###### ##))......
#g♣##.....
#.g.......
#.>.......
......##..
....#### ..
.##..# .. .... ..
...# ##. #.
#......


You could see 2 gnolls.

Vanquished Creatures
  A black bear (D:5)
  An ogre (D:4)
  A scorpion (D:4)
  3 hounds
  A gnoll shaman (D:5)
  Jessica (D:2)
  An iguana (D:5)
  A hound skeleton (D:4)
  3 gnolls (D:5)
  4 adders
  An adder skeleton (D:4)
  2 worms
  A dart slug (D:2)
  2 orcs
  11 ball pythons
  8 endoplasms
  2 giant cockroaches (D:4)
  8 goblins
  3 quokkas
  10 bats
  6 frilled lizards
  8 kobolds
  3 rats
82 creatures vanquished.

Vanquished Creatures (others)
  8 plants (D:4)
8 creatures vanquished.

Grand Total: 90 creatures vanquished

Notes
Turn   | Place    | Note
-------+----------+-------------------------------------------
     0 | D:1      | halfoni the Human Berserker began the quest for the Orb.
     0 | D:1      | Reached XP level 1. HP: 18/18 MP: 1/1
   228 | D:1      | Reached XP level 2. HP: 17/24 MP: 2/2
   778 | D:1      | Reached XP level 3. HP: 25/29 MP: 3/3
  1090 | D:1      | Found a faded altar of an unknown god.
  1513 | D:2      | Reached ** piety under Trog
  1629 | D:2      | Noticed Jessica
  1635 | D:2      | Killed Jessica
  1636 | D:2      | Reached XP level 4. HP: 27/35 MP: 4/4
  1806 | D:2      | Reached skill level 1 in Stealth
  2020 | D:2      | Reached skill level 4 in Axes
  2633 | D:2      | Found Hevol's Armour Shoppe.
  3025 | D:3      | Reached XP level 5. HP: 38/41 MP: 5/5
  3833 | D:4      | Reached XP level 6. HP: 47/47 MP: 6/6
  4025 | D:4      | Noticed an ogre
  4034 | D:4      | Killed an ogre
  4280 | D:4      | Found an iron altar of Okawaru.
  4844 | D:5      | Entered Level 5 of the Dungeon
  4844 | D:5      | Noticed a black bear
  4917 | D:5      | Reached XP level 7. HP: 53/53 MP: 7/7
  4927 | D:5      | Identified the +5 dagger "Riocuc" {vamp, *Noise rN+++ Dex-2
                  | Stlth+}
  5123 | D:5      | Reached skill level 5 in Axes
  5297 | D:5      | HP: 2/53 [gnoll (3)]
  5303 | D:5      | HP: 1/79 [gnoll (1)]
  5303 | D:5      | Slain by a gnoll

Illustrated notes

Levels and vault maps discovered:
D:1:      matt_arrival_los_fun, layout_basic, basic_ecumenical_altar,
          roderic_three_in_a_row
D:2:      layout_loops_cross, serial_shops, nicolae_shop_behind_doors,
          uniq_jessica
D:3:      layout_rooms
D:4:      layout_basic, mainiacjoe_overflow_boulevard, hangedman_decor_opposing,
          grunt_decor_fettered
D:5:      layout_rooms, kennysheep_crisscross

Skill      XL: |  1  2  3  4  5  6  7 |
---------------+----------------------+-----
Stealth        | 1 |  1.1
Axes           | 4 5 |  5.2
Dodging        | 3 |  3.7
Armour         | 3 4 |  4.7
Fighting       | |  3.8

Action                   |  1- 3 |  4- 6 |  7- 9 || total
-------------------------+-------+-------+-------++-------
Melee: Hand axe          |    88 |   170 |    24 ||   282
Invok: Berserk           |     2 |     4 |     2 ||     8
  Use: Potion            |       |       |     1 ||     1
 Stab: Sleeping          |     4 |       |       ||     4
Armor: Animal skin       |    30 |     2 |       ||    32
       Ring mail         |       |    55 |     6 ||    61
       Skin              |       |       |    10 ||    10
Dodge: Dodged            |    77 |   110 |    25 ||   212
